 Dungeon Crawl Stone Soup version 0.23.2-1-ga50397a6bc (webtiles) character file.

Game seed: 14643268147159751673

5411 Gargoyl the Chopper (level 10, -10/83 HPs)
             Began as a Centaur Abyssal Knight on May 20, 2019.
             Was an Elder of Lugonu.
             Hit by a javelin of penetration thrown by a minotaur (22 damage)
             ... in a Gauntlet.
             The game lasted 00:18:28 (12979 turns).

Gargoyl the Chopper (Centaur Abyssal Knight)       Turns: 12979, Time: 00:18:29

Health: -10/83     AC: 17    Str: 21 (22) XL:     10   Next: 40%
Magic:  0/15       EV:  6    Int:  8 (11) God:    Lugonu [****..]
Gold:   459        SH:  0    Dex: 12 (14) Spells: 9/9 levels left

rFire    + . .     SeeInvis .   E - +6 war axe of Efoann {holy, rElec rF+ rN+ Dex+4}
rCold    . . .     Gourm    .   (no shield)
rNeg     + . .     Faith    .   q - +3 plate armour
rPois    .         Spirit   +   (helmet restricted)
rElec    +         Reflect  .   F - +0 cloak of Sumifeng {MR++}
rCorr    .         Harm     .   (no gloves)
MR       ++...     NoTele   +   (no barding)
Stlth    ..........             r - amulet of guardian spirit
HPRegen  0.23/turn              (no ring)
MPRegen  0.14/turn              (no ring)

@: mighty, hasted, studying Poison Magic, very quick
A: large, hooves 3, horns 1, iridescent scales 1, deformed body, speed 2, tough
skin 3
a: Depart the Abyss, Bend Space, Banish, Corrupt, Renounce Religion


You were in a Gauntlet.
You worshipped Lugonu.
Lugonu was greatly pleased with you.
You were hungry.

You visited 2 branches of the dungeon, and saw 9 of its levels.
You visited the Abyss 1 time.
You also visited: Gauntlet.

You collected 459 gold pieces.

Inventory:

Hand Weapons
 a - a +2 hand axe
 d - the +8 arbalest of the Spider {elec, Str+3 Int+4 Dex-5}
   (You found it on level 8 of the Dungeon)

   It charges the ammunition it shoots with electricity; occasionally upon a
   hit, such missiles may discharge and cause terrible harm.
   It affects your strength (+3).
   It affects your intelligence (+4).
   It affects your dexterity (-5).
 g - a +0 vampiric war axe
 E - the +6 war axe of Efoann (weapon) {holy, rElec rF+ rN+ Dex+4}
   (You found it on level 8 of the Dungeon)

   It has been blessed by the Shining One to cause great damage to the undead
   and demons.
   It affects your dexterity (+4).
   It protects you from fire.
   It insulates you from electricity.
   It protects you from negative energy.
Missiles
 C - 27 bolts
Armour
 f - a +0 helmet
 q - a +3 plate armour (worn)
 y - a scarf of repulsion
 F - the +0 cloak of Sumifeng (worn) {MR++}
   (You found it in a Gauntlet)

   It affects your resistance to hostile enchantments.
Jewellery
 l - an uncursed amulet of magic regeneration
 r - an amulet of guardian spirit (around neck)
Wands
 x - a wand of enslavement (4)
Scrolls
 n - 3 scrolls of teleportation
 o - 3 scrolls of remove curse
 w - a scroll of magic mapping
 A - a scroll of identify
Potions
 h - 4 potions of mutation
 u - 2 potions of flight
 B - a potion of brilliance
Books
 t - a manual of Poison Magic
Comestibles
 c - 12 rations


   Skills:
 + Level 5.8 Fighting
 + Level 7.2 Axes
 + Level 1.7 Crossbows
 * Level 7.0 Armour
 * Level 4.6 Dodging
 * Level 6.8 Invocations
 + Level 1.2 Evocations


You had 9 spell levels left.
You didn't know any spells.
Your spell library contained the following spells:

 Spells                   Type           Power        Failure   Level  Hunger
 Summon Small Mammal      Summ           #...         100%        1    ##.....
 Call Imp                 Summ           #.......     100%        2    ###....
 Call Canine Familiar     Summ           #.......     100%        3    ####...
 Summon Guardian Golem    Hex/Summ       #.......     100%        3    ####...
 Summon Ice Beast         Ice/Summ       #.......     100%        4    #####..
 Summon Lightning Spire   Summ/Air       #.......     100%        4    #####..


Dungeon Overview and Level Annotations

Branches:
Dungeon (8/15)             Temple (0/1) D:6            Lair (1/6) D:8

Altars:
Cheibriados
Fedhas
Nemelex Xobeh
Ru
Vehumet
Yredelemnul

Annotations:
Gauntlet 1 transporter, 1 runed translucent door


Innate Abilities, Weirdness & Mutations

You have hooves in place of feet.
Armour fits poorly on your strangely shaped body.
You cover ground very quickly.
You have extremely tough skin. (AC +3)
You have a pair of small horns on your head.
You are partially covered in iridescent scales. (AC +2)


Message History

Unknown command.
You don't have enough magic at the moment.
Unknown command.
Magic courses through your body. The minotaur barely misses you.
The minotaur gores you but does no damage.
Press: ? - help, Shift-Dir - straight line, f - minotaur
Aim: a minotaur, wielding a +6 broad axe of venom, wearing a +0 plate armour of fire resistance, wearing a +0 large shield of protection and wearing an uncursed ring of resist corrosion (moderately wounded, chance to defeat MR: 21%)
The minotaur resists with almost no effort.
You feel somewhat more hungry.
Press: ? - help, Shift-Dir - straight line, f/p - minotaur
Aim: a minotaur, wielding a +6 broad axe of venom, wearing a +0 plate armour of fire resistance, wearing a +0 large shield of protection and wearing an uncursed ring of resist corrosion (moderately wounded, chance to defeat MR: 21%)
You fail to use your ability.
The minotaur throws a javelin of penetration.
The javelin of penetration pierces through you!!
* * * LOW HITPOINT WARNING * * *
Unknown command.
You feel better.
The minotaur throws a javelin of penetration.
The javelin of penetration pierces through you!!
You die...

##...©.©.©...##
#.............#
#.#.#######.#.#
#!...#... #
#.#.##.#.##.#.#
#......(......#
#.#..##'##..#.#
#.#..#8.8# #
#....#.@.#
###8.#8.8#
####:H[# #8.8#
#:.)# #8∩8#
#####


You could see a minotaur.

Vanquished Creatures
  A ghost crab (Gauntlet)
  A two-headed ogre (D:8)
  Grinder (D:7)
  A raiju (Gauntlet)
  2 hippogriffs
  A yak (D:8)
  2 basilisks (D:8)
  A hungry ghost (D:7)
  Menkaure (D:4)
  Duvessa (D:7)
  2 orc warriors
  2 ice beasts
  A sky beast (D:7)
  3 ogres
  3 centaurs
  2 bullfrogs (D:6)
  Dowan (D:7)
  2 scorpions
  A wyvern skeleton (D:7)
  3 crimson imps
  2 jellies
  6 orc priests
  A gnoll shaman (D:7)
  8 orc wizards
  Crazy Yiuf (D:7)
  A bullfrog skeleton (D:6)
  4 iguanas
  6 worker ants
  2 lightning spires (Gauntlet)
  A statue (D:8)
  A hound zombie (D:6)
  11 adders
  11 gnolls
  2 shadow imps
  4 oozes
  A worm (D:6)
  4 leopard geckos
  27 orcs
  5 bats
  4 giant cockroaches
  2 gnoll zombies (D:5)
  5 goblins
  9 hobgoblins
  15 jackals
  3 quokkas
  A ball python (D:1)
  7 frilled lizards
  7 kobolds
  2 quokka skeletons
  5 rats
  3 fungi (D:7)
193 creatures vanquished.

Notes
Turn   | Place    | Note
-------+----------+-------------------------------------------
     0 | Abyss:1  | Gargoyl the Centaur Abyssal Knight began the quest for the
                  | Orb.
     0 | Abyss:1  | Reached XP level 1. HP: 19/19 MP: 2/2
    12 | Abyss:1  | Found a corrupted altar of Lugonu.
    63 | Abyss:2  | Noticed a large abomination
    67 | Abyss:2  | Noticed a starcursed mass
    72 | Abyss:2  | Noticed a wretched star
    86 | Abyss:2  | Noticed a spatial vortex
    91 | Abyss:2  | Noticed a spatial vortex
    91 | Abyss:2  | Noticed a spatial vortex
    91 | Abyss:2  | Noticed a spatial vortex
    91 | Abyss:2  | Noticed a spatial vortex
    92 | Abyss:2  | Noticed a spatial vortex
   100 | Abyss:2  | Noticed a guardian serpent
   130 | Abyss:2  | Noticed a smoke demon
   139 | Abyss:2  | Noticed a raiju
   141 | Abyss:2  | Noticed a small abomination
   216 | Abyss:3  | Noticed a spatial vortex
   224 | Abyss:3  | Noticed a spiny frog zombie
   224 | Abyss:3  | Noticed a large abomination
   227 | Abyss:3  | Identified the +1 large shield of Shadows and Fog {rCorr}
   227 | Abyss:3  | Noticed a daeva
   230 | Abyss:3  | Noticed a starcursed mass
   243 | Abyss:3  | Noticed a starcursed mass
   244 | Abyss:3  | Noticed a smoke demon
   247 | Abyss:3  | Noticed an iron imp
   257 | Abyss:3  | Noticed a wretched star
   258 | Abyss:3  | Noticed a profane servitor
   263 | Abyss:3  | Noticed a worldbinder
   264 | D:1      | Escaped the Abyss
   434 | D:1      | Reached XP level 2. HP: 19/26 MP: 3/3
   638 | D:1      | Reached skill level 1 in Dodging
   685 | D:1      | Reached * piety under Lugonu
  1373 | D:2      | Reached XP level 3. HP: 8/31 MP: 4/4
  2330 | D:2      | Reached XP level 4. HP: 36/38 MP: 4/6
  3298 | D:3      | Reached ** piety under Lugonu
  3552 | D:3      | Reached XP level 5. HP: 41/45 MP: 7/7
  3861 | D:3      | Found a snail-covered altar of Cheibriados.
  4228 | D:4      | Noticed Menkaure
  4245 | D:4      | Killed Menkaure
  4245 | D:4      | Reached XP level 6. HP: 8/52 MP: 8/8
  4542 | D:4      | Noticed a hippogriff
  4710 | D:3      | Killed a hippogriff
  4825 | D:4      | Reached XP level 7. HP: 40/58 MP: 9/9
  5547 | D:5      | Entered Level 5 of the Dungeon
  5886 | D:5      | Found a basalt altar of Yredelemnul.
  6000 | D:5      | Found a sparkling altar of Nemelex Xobeh.
  6341 | D:5      | Reached *** piety under Lugonu
  6481 | D:5      | Reached XP level 8. HP: 13/66 MP: 11/11
  7279 | D:6      | Reached skill level 1 in Evocations
  7620 | D:6      | Found a staircase to the Ecumenical Temple.
  7665 | D:6      | Reached skill level 5 in Axes
  7692 | D:6      | Found a blossoming altar of Fedhas.
  7839 | D:6      | Reached skill level 5 in Invocations
  8425 | D:6      | Noticed Grinder
  8433 | D:6      | Paralysed by Grinder for 6 turns
  8441 | D:6      | Reached skill level 5 in Armour
  8723 | D:7      | Noticed Duvessa
  8735 | D:7      | Killed Duvessa
  8735 | D:7      | Noticed Dowan
  8759 | D:7      | Gained mutation: You are partially covered in iridescent
                  | scales. (AC +2) [potion of mutation]
  8759 | D:7      | Gained mutation: You have a pair of small horns on your
                  | head. [potion of mutation]
  8774 | D:7      | Killed Dowan
  8878 | D:7      | Reached XP level 9. HP: 20/73 MP: 9/12
  9148 | D:7      | Killed Grinder
  9284 | D:6      | Reached skill level 5 in Fighting
 10286 | D:7      | Reached **** piety under Lugonu
 10364 | D:7      | Found a sacrificial altar of Ru.
 11002 | D:7      | Found a runed translucent door.
 11003 | D:7      | Noticed Crazy Yiuf
 11012 | D:7      | Killed Crazy Yiuf
 11233 | D:8      | Found a radiant altar of Vehumet.
 11519 | D:8      | Got a scorched arbalest
 11527 | D:8      | Identified the +8 arbalest of the Spider {elec, Str+3 Int+4
                  | Dex-5} (You found it on level 8 of the Dungeon)
 11556 | D:8      | Noticed a two-headed ogre
 11799 | D:8      | Killed a two-headed ogre
 11799 | D:8      | Reached XP level 10. HP: 66/81 MP: 12/14
 12008 | D:8      | Got a warped war axe
 12009 | D:8      | Identified the +6 war axe of Efoann {holy, rElec rF+ rN+
                  | Dex+4} (You found it on level 8 of the Dungeon)
 12161 | D:8      | Found a staircase to the Lair.
 12526 | Lair:1   | Entered Level 1 of the Lair of Beasts
 12527 | Lair:1   | Found a gate leading to a gauntlet.
 12562 | Gauntlet | Entered a Gauntlet
 12562 | Gauntlet | Found a transporter.
 12573 | Gauntlet | Found a transporter.
 12574 | Gauntlet | Found a runed translucent door.
 12586 | Gauntlet | Found a transporter.
 12599 | Gauntlet | Reached skill level 1 in Crossbows
 12600 | Gauntlet | Noticed a cacodemon
 12636 | Gauntlet | Found a transporter.
 12649 | Gauntlet | Got a warped cloak
 12662 | Gauntlet | Identified the +0 cloak of Sumifeng {MR++} (You found it in
                  | a Gauntlet)
 12696 | Gauntlet | Noticed a ghost crab
 12697 | Gauntlet | Found a transporter.
 12707 | Gauntlet | Noticed a spectral anaconda
 12709 | Gauntlet | Noticed a spectral eight-headed hydra
 12712 | Gauntlet | Killed a ghost crab
 12965 | Gauntlet | Noticed a minotaur
 12978 | Gauntlet | HP: 1/83 [minotaur/javelin of penetration (16)]
 12979 | Gauntlet | Hit by a javelin of penetration thrown by a minotaur

Skill      XL: |  1  2  3  4  5  6  7  8  9 10 |
---------------+-------------------------------+-----
Axes           | 2 3 4 5 6 7 |  7.2
Dodging        | 1 2 3 4 |  4.6
Armour         | 2 3 4 5 6 7 |  7.0
Invocations    | 3 4 5 6 |  6.8
Fighting       | 4 5 |  5.8
Evocations     | 1 |  1.2
Crossbows      | 1 |  1.7

Action                   |  1- 3 |  4- 6 |  7- 9 | 10-12 || total
-------------------------+-------+-------+-------+-------++-------
Melee: Hand axe          |   104 |   126 |   453 |     7 ||   690
       Kick              |    14 |    27 |   113 |    16 ||   170
       Headbutt          |       |       |    32 |     6 ||    38
       War axe           |       |       |       |    38 ||    38
 Fire: Arbalest          |       |       |     5 |    12 ||    17
Invok: Depart the Abyss  |     1 |       |       |       ||     1
       Banish            |       |       |       |     1 ||     1
Evoke: Wand              |     2 |     4 |    21 |       ||    27
  Use: Scroll            |     5 |     6 |     8 |     1 ||    20
       Potion            |     1 |     1 |     6 |    12 ||    20
  Eat: Ration            |     1 |     1 |     2 |       ||     4
       Chunk             |       |     4 |    17 |     3 ||    24
Armor: Leather armour    |    65 |    57 |       |       ||   122
       Plate armour      |       |    35 |   313 |    36 ||   384
       Skin              |       |     2 |    11 |       ||    13
Dodge: Dodged            |    73 |    77 |    74 |    15 ||   239
